Map: Ice and Chrome LE

Players

TYTY (TY)

  • Race: Terran Terran
  • League: Grandmaster
  • Spawn Location: 7:00

Trap - Winner!

  • Race: Protoss Protoss
  • League: Master
  • Spawn Location: 1:00

Event: DreamHack SC2 Masters 2020 Fall

VOD

Have the link to the VOD?

Description

Time

  • Played on: Sept. 15, 2020, 11:27 a.m.
  • Length: 15:17

All games in this series

Show
View Real Time Build Order
Export as new Build Order

TYTY Terran 

Build Orders: Mech 

Get SALT Encoding   

  12  0:00  SCV  
  13  0:12  SCV  
  14  0:18  Supply Depot  
  14  0:24  SCV  
  15  0:40  SCV, Barracks  
  16  0:44  Refinery  
  16  0:52  SCV  
  16  0:55  Refinery  
  17  1:04  SCV  
  18  1:16  SCV  
  19  1:27  Reaper  
  19  1:29  Orbital Command  
  20  1:42  Factory  
  20  1:53  Supply Depot  
  20  1:55  SCV  
  20  1:59  Reaper  
  20  2:00  Bunker  
  22  2:07  SCV  
  23  2:20  SCV  
  24  2:25  Factory Reactor  
  24  2:32  SCV  
  24  2:35  Command Center  
  25  2:44  SCV  
  26  2:51  Starport  
  26  2:56  SCV  
  26  3:02  Hellion x2  
  26  3:03  Supply Depot  
  30  3:08  SCV  
  31  3:25  SCV, Widow Mine x2  
  36  3:29  Medivac  
  38  3:34  Supply Depot  
  38  3:37  SCV  
  39  3:47  Widow Mine x2  
  43  3:48  Orbital Command  
  43  3:52  SCV  
  44  4:00  Starport Tech Lab  
  44  4:04  SCV  
  44  4:05  Orbital Command  
  45  4:13  Marine x2  
  45  4:15  Factory Tech Lab  
  47  4:18  SCV  
  47  4:20  Cloaking Field  
  47  4:21  Viking  
  48  4:30  SCV  
  48  4:31  SCV, Marine x2  
  51  4:37  Cyclone  
  55  4:42  SCV  
  55  4:44  SCV  
  54  4:48  Marine  
  54  4:54  SCV  
  54  4:59  SCV  
  54  5:02  Marine  
  54  5:06  Marine  
  52  5:09  Siege Tank  
  52  5:10  Banshee  
  52  5:12  SCV x2  
  56  5:19  Command Center  
  56  5:22  Supply Depot  
  56  5:23  Marine  
  56  5:24  Marine  
  56  5:26  SCV x2  
  60  5:34  Refinery  
  60  5:36  Refinery  
  60  5:38  SCV x2  
  62  5:43  Marine x2  
  62  5:45  Siege Tank  
  66  5:50  SCV, Supply Depot  
  66  5:51  SCV  
  68  5:58  Supply Depot  
  68  5:59  Supply Depot  
  70  6:07  SCV x2  
  70  6:10  Supply Depot  
  70  6:11  Supply Depot, Banshee  
  69  6:12  Marine x2  
  69  6:16  Supply Depot  
  69  6:18  Siege Tank  
  77  6:19  SCV  
  77  6:20  SCV  
  78  6:29  Factory  
  78  6:30  Marine  
  78  6:31  SCV, Factory  
  80  6:35  Orbital Command  
  80  6:36  Marine  
  80  6:37  SCV  
  82  6:42  Supply Depot  
  82  6:44  SCV  
  79  6:48  Marine  
  79  6:49  SCV  
  79  6:53  Siege Tank  
  81  6:55  Orbital Command  
  81  6:56  SCV, Banshee  
  81  7:00  Marine  
  86  7:01  SCV  
  86  7:08  SCV  
  89  7:13  SCV  
  87  7:20  SCV, Factory Tech Lab  
  87  7:22  SCV, Refinery  
  88  7:25  SCV, Siege Tank  
  92  7:32  SCV, Hellion x2, Refinery  
  95  7:37  SCV  
  95  7:39  SCV, Raven  
  95  7:41  Armory  
  95  7:43  Barracks Reactor  
  95  7:44  SCV, Engineering Bay  
  98  7:46  Siege Tank  
  98  7:50  SCV  
  103  7:51  SCV  
  103  7:52  Supply Depot x2  
  103  7:56  SCV, Widow Mine x2  
  109  7:59  Bunker  
  109  8:02  SCV  
  109  8:03  Siege Tank  
  113  8:07  SCV, Supply Depot  
  113  8:08  SCV  
  115  8:15  SCV  
  115  8:17  Armory  
  115  8:18  Widow Mine x2  
  121  8:20  Missile Turret  
  121  8:23  Missile Turret  
  121  8:24  Supply Depot  
  121  8:27  SCV  
  121  8:28  Factory  
  121  8:30  Factory  
  124  8:37  Supply Depot, Liberator  
  124  8:39  SCV  
  124  8:40  SCV  
  129  8:42  Hellion x2  
  129  8:48  Hellion x2  
  134  8:50  Liberator  
  134  8:51  Supply Depot  
  137  8:55  Command Center  
  137  9:01  Barracks Reactor, Missile Turret  
  137  9:04  Hellion x2  
  137  9:07  Sensor Tower  
  141  9:10  Hellion x2  
  141  9:11  Infernal Pre-Igniter  
  141  9:15  Supply Depot  
  145  9:21  Terran Vehicle Weapons Level 1, Terran Vehicle And Ship Armor Level 1  
  146  9:24  SCV x3  
  146  9:25  Hellion x2  
  146  9:27  Hellion x8  
  146  9:28  Hellion  
  153  9:41  Siege Tank x2  
  153  9:44  Hellion x2  
  163  9:51  SCV  
  163  9:52  SCV x2, Refinery  
  166  9:53  Refinery  
  166  9:54  Hellion x2  
  166  9:59  Missile Turret  
  170  10:02  Missile Turret, Liberator  
  170  10:06  Factory  
  175  10:07  Factory x2  
  175  10:11  Hellion x2  
  177  10:15  Mag-Field Accelerator  
  177  10:21  SCV x3  
  177  10:25  Drilling Claws  
  180  10:29  Planetary Fortress  
  180  10:31  Siege Tank x2  
  180  10:34  Hellion x2  
  191  10:36  Hellion  
  189  10:45  Siege Tank  
  188  10:51  Hellion  
  188  10:52  Factory Reactor, Factory Tech Lab  
  188  10:54  Factory Tech Lab  
  188  10:55  Missile Turret  
  188  10:57  Missile Turret  
  188  11:01  Command Center  
  188  11:07  Hellion x2, Missile Turret  
  189  11:19  Cyclone x3  
  198  11:35  Command Center  
  196  11:43  Cyclone x2  
  196  11:47  SCV x3  
  186  11:55  Cyclone x3  
  186  11:56  Hellion x2  
  186  11:59  SCV  
  195  12:05  Widow Mine x2  
  193  12:11  SCV  
  181  12:23  SCV  
  181  12:24  Cyclone x2  
  181  12:25  Hellion x3  
  181  12:26  Hellion x2  
  166  12:30  SCV  
  166  12:33  Hellion x2  
  166  12:35  Hellion x2  
  155  12:39  SCV  
  155  12:40  Orbital Command  
  155  12:42  SCV  
  152  12:46  Widow Mine  
  152  12:47  Widow Mine x3  
  152  12:49  Widow Mine  
  152  12:53  Liberator x2  
  152  12:54  SCV, Widow Mine  
  151  13:02  Siege Tank x2  
  155  13:07  Orbital Command  
  142  13:23  Siege Tank x2  
  148  13:35  Hellion x2, Cyclone x2, Orbital Command  
  158  13:46  Hellion x2  
  162  13:48  SCV  
  152  13:59  Cyclone  
  152  14:00  Hellion  
  142  14:04  Cyclone x2  
  142  14:05  Hellion  
  142  14:07  Cyclone  
  148  14:16  Liberator x2  
  132  14:27  Cyclone  
  132  14:28  Hellion x2  
  132  14:30  Hellion x2  
  128  14:31  Cyclone  
  128  14:33  Hellion x2  
  121  14:42  SCV x2  
  121  14:43  SCV x2  
  110  14:55  Hellion x3  
  110  14:56  Hellion x2  
  110  14:58  SCV  
Show
View Real Time Build Order
Export as new Build Order

Trap Protoss - Winner!

Build Orders: 1 Gate Expand, Phoenix Opening, Archon Immortal, Carriers 

Get SALT Encoding   

  12  0:00  Probe  
  13  0:12  Probe  
  14  0:19  Pylon  
  14  0:24  Probe  
  15  0:37  Probe (Chrono Boost)  
  15  0:38  Gateway  
  16  0:47  Probe (Chrono Boost), Assimilator  
  17  0:52  Probe (Chrono Boost)  
  18  1:04  Probe  
  19  1:16  Probe  
  20  1:27  Cybernetics Core  
  20  1:33  Nexus  
  20  1:40  Pylon  
  20  1:42  Probe  
  21  1:48  Assimilator  
  21  1:54  Probe  
  21  2:00  Stalker (Chrono Boost)  
  22  2:08  Probe  
  25  2:15  Shield Battery  
  25  2:20  Probe  
  26  2:24  Stalker (Chrono Boost)  
  27  2:32  Probe  
  27  2:33  Warp Gate  
  28  2:45  Probe  
  28  2:48  Stargate  
  28  2:52  Probe  
  28  2:57  Probe (Chrono Boost)  
  30  3:02  Stalker  
  30  3:05  Probe (Chrono Boost)  
  34  3:15  Probe (Chrono Boost)  
  34  3:16  Probe (Chrono Boost)  
  35  3:21  Probe (Chrono Boost)  
  35  3:22  Probe (Chrono Boost)  
  37  3:31  Probe  
  37  3:32  Phoenix (Chrono Boost)  
  37  3:33  Probe  
  41  3:37  Pylon  
  41  3:43  Probe  
  41  3:45  Probe  
  41  3:48  Phoenix (Chrono Boost)  
  46  3:55  Probe  
  46  3:57  Probe  
  46  3:59  Gateway  
  46  4:01  Gateway  
  47  4:07  Probe  
  47  4:09  Probe, Phoenix (Chrono Boost)  
  49  4:16  Pylon  
  51  4:19  Probe  
  51  4:21  Probe  
  53  4:33  Probe  
  53  4:34  Probe, Oracle (Chrono Boost)  
  58  4:41  Nexus  
  58  4:46  Stalker  
  58  4:49  Probe  
  58  4:50  Probe  
  59  5:00  Stalker  
  59  5:01  Probe  
  62  5:10  Assimilator x2  
  62  5:14  Pylon  
  62  5:18  Pylon  
  62  5:19  Forge  
  62  5:21  Twilight Council  
  62  5:29  Pylon  
  62  5:32  Probe x2 (Chrono Boost)  
  64  5:41  Probe x2 (Chrono Boost)  
  66  5:45  Sentry x2  
  66  5:46  Probe x2 (Chrono Boost)  
  72  5:54  Charge  
  72  6:00  Probe (Chrono Boost), Gateway  
  72  6:01  Protoss Ground Armor Level 1 (Chrono Boost)  
  72  6:02  Gateway  
  72  6:03  Gateway  
  72  6:04  Probe (Chrono Boost)  
  75  6:05  Probe (Chrono Boost)  
  75  6:09  Probe (Chrono Boost)  
  77  6:12  Probe x2 (Chrono Boost)  
  77  6:14  Probe  
  77  6:16  Sentry  
  77  6:17  Zealot  
  83  6:24  Probe x2  
  85  6:27  Probe  
  86  6:34  Assimilator x2  
  86  6:35  Pylon  
  86  6:37  Templar Archives  
  86  6:38  Probe x2, Pylon  
  86  6:39  Probe  
  85  6:52  Stalker x3  
  90  6:55  Probe x2  
  90  6:56  Probe  
  90  7:02  Shield Battery  
  88  7:09  Probe x3  
  90  7:20  High Templar x2  
  90  7:21  Zealot x4  
  102  7:24  Shield Battery, Gateway  
  102  7:25  Gateway  
  100  7:30  Archon  
  100  7:31  Probe x3  
  100  7:35  Robotics Facility  
  103  7:37  Pylon  
  103  7:46  Zealot x4  
  103  7:49  Probe x2  
  103  7:50  Probe  
  114  7:52  Pylon  
  114  7:58  Pylon, Protoss Ground Weapons Level 1 (Chrono Boost)  
  114  8:02  Pylon  
  114  8:04  Probe x3  
  111  8:20  Robotics Facility  
  111  8:22  Nexus  
  111  8:23  Robotics Facility  
  111  8:24  Pylon, Observer (Chrono Boost)  
  111  8:26  Blink  
  112  8:30  Probe x3  
  112  8:33  High Templar  
  112  8:34  High Templar  
  119  8:35  Warp Prism (Chrono Boost)  
  119  8:36  Pylon  
  119  8:38  Archon  
  119  8:43  Probe x3  
  124  8:59  Probe x2  
  124  9:00  Probe  
  124  9:01  High Templar x2  
  124  9:02  Zealot x2  
  135  9:03  Zealot  
  135  9:05  Immortal (Chrono Boost), Archon  
  141  9:14  Immortal x2 (Chrono Boost), Psionic Storm  
  149  9:21  Pylon  
  149  9:23  Probe x3  
  152  9:38  Immortal (Chrono Boost)  
  152  9:39  Probe x2  
  152  9:40  Probe x2  
  152  9:41  Photon Cannon  
  152  9:45  High Templar x2  
  164  9:53  Warp Prism  
  164  9:54  High Templar  
  164  9:56  Protoss Ground Weapons Level 2  
  164  9:58  Nexus  
  164  9:59  Pylon  
  166  10:01  Immortal  
  172  10:13  Immortal  
  176  10:15  Photon Cannon  
  176  10:20  Assimilator  
  176  10:21  Assimilator  
  176  10:23  High Templar  
  176  10:25  Photon Cannon  
  178  10:34  Immortal  
  182  10:40  Immortal  
  178  10:49  Photon Cannon  
  176  10:51  Photon Cannon  
  176  10:54  Photon Cannon  
  176  10:56  Fleet Beacon  
  176  10:58  Stargate  
  176  11:02  Stargate  
  176  11:06  Stalker x2  
  176  11:07  Stalker, Zealot x4  
  186  11:25  Zealot  
  186  11:28  Zealot x4  
  186  11:29  Zealot x3  
  194  11:52  Stalker x2  
  194  11:53  Stalker x2  
  194  11:54  Stalker x3  
  193  11:55  Stalker  
  193  11:58  Carrier (Chrono Boost)  
  199  12:07  Carrier (Chrono Boost)  
  193  12:19  Zealot x4  
  193  12:20  Zealot  
  194  12:24  Zealot x3  
  170  12:30  Carrier (Chrono Boost)  
  156  12:50  Stalker  
  156  12:51  Stalker x6  
  156  12:52  Observer  
  156  12:58  Carrier (Chrono Boost)  
  148  13:16  Sentry x3  
  148  13:19  Stalker x4  
  160  13:24  Carrier (Chrono Boost)  
  164  13:39  Probe x3, Carrier (Chrono Boost)  
  164  13:40  Probe  
  174  13:51  Probe  
  174  13:56  Stalker x5  
  164  14:04  Zealot x3  
  164  14:06  Carrier (Chrono Boost)  
  176  14:18  Carrier (Chrono Boost)  
  176  14:21  Zealot x5, Observer  
  188  14:30  Stalker x2  
  188  14:31  Stalker  
  146  14:59  Stalker x2  
  137  15:00  Stalker x3  
  137  15:03  Zealot x3  

Tags
 
Add a new tag
Caveats
  • Supply blocks, unpowered buildings, or Contaminate may cause inaccurate times.
  • Supply counts are checked every 10 seconds.